 Dungeon Crawl Stone Soup version 0.27.1-2-g3b301248ec (webtiles) character file.

Game seed: 12388954238186390628

7182 Metae the Blocker (level 10, -4/91 HPs)
             Began as a Minotaur Fighter on Sept 22, 2021.
             Was a Believer of Makhleb.
             Slain by a two-headed ogre (5 damage)
             ... on level 9 of the Dungeon.
             The game lasted 00:29:02 (10477 turns).

Metae the Blocker (Minotaur Fighter)               Turns: 10477, Time: 00:29:03

Health: -4/91      AC: 16    Str: 25    XL:     10   Next: 86%
Magic:  11/11      EV:  7    Int:  5    God:    Makhleb [**....]
Gold:   1192       SH: 12    Dex:  9    Spells: 9/9 levels left

rFire    . . .     SeeInvis .   H - +3 broad axe (drain)
rCold    . . .     Faith    +   c - +0 kite shield
rNeg     . . .     Spirit   .   n - +1 chain mail
rPois    .         Reflect  .   (helmet restricted)
rElec    .         Harm     .   r - +0 cloak
rCorr    +         Rampage  .   m - +1 pair of gloves
Will     .....                  (no boots)
Stlth    ..........             F - amulet of faith
HPRegen  0.25/turn              e - ring of resist corrosion
MPRegen  0.12/turn              (no ring)

@: flying
A: horns 2, retaliatory headbutt
a: Renounce Religion, Minor Destruction


You were on level 9 of the Dungeon.
You worshipped Makhleb.
Makhleb was pleased with you.
You visited 2 branches of the dungeon, and saw 11 of its levels.
You also visited: Sewer and Ossuary.

You collected 1192 gold pieces.

Inventory:

Hand Weapons
 a - a +0 trident
 y - a +2 whip of flaming
 D - a +0 vorpal morningstar
 H - a +3 broad axe of draining (weapon)
Armour
 c - a +0 kite shield (worn)
 d - a +0 plate armour
 m - a +1 pair of gloves (worn)
 n - a +1 chain mail (worn)
 r - a +0 cloak (worn)
Jewellery
 e - a ring of resist corrosion (left hand)
 C - a ring of fire
 F - an amulet of faith (around neck)
Wands
 q - a wand of acid (7)
 B - a wand of iceblast (6)
 G - a wand of paralysis (11)
 I - a wand of mindburst (13)
Scrolls
 b - a scroll of fog
 h - a scroll of amnesia {unknown}
 j - 3 scrolls of magic mapping
 k - 7 scrolls of teleportation
 v - a scroll of fear
 E - 3 scrolls of enchant armour
Potions
 f - 4 potions of brilliance
 g - a potion of ambrosia {unknown}
 i - a potion of berserk rage {unknown}
 l - a potion of invisibility {unknown}
 o - 3 potions of haste
 p - 2 potions of resistance {unknown}
 s - 3 potions of attraction {unknown}
 t - 2 potions of flight
 u - 4 potions of mutation {unknown}
 w - 3 potions of heal wounds {unknown}
 x - 3 potions of cancellation {unknown}
 z - a potion of magic {unknown}
 A - 2 potions of lignification {unknown}


   Skills:
 + Level 9.6 Fighting
 + Level 5.6(7.2) Axes
 - Level 7.1(8.0) Polearms
 + Level 9.5 Armour
 + Level 9.6 Shields
 + Level 3.4 Invocations
 + Level 6.4 Evocations


You had 9 spell levels left.
You didn't know any spells.
Your spell library contained the following spells:

 Spells                   Type           Power      Damage    Failure   Level
 Shock                    Conj/Air       0%         1d3       99%         1
 Static Discharge         Conj/Air       0%         N/A       100%        2
 Call Canine Familiar     Summ           0%         N/A       100%        3
 Dazzling Flash           Conj/Hex       0%         N/A       100%        3
 Mephitic Cloud           Conj/Pois/Air  0%         N/A       100%        3
 Portal Projectile        Hex/Tloc       0%         N/A       100%        3
 Swiftness                Air            0%         N/A       100%        3
 Airstrike                Air            0%         N/A       100%        4
 Leda's Liquefaction      Hex/Erth       0%         N/A       100%        4
 Agony                    Necr           0%         N/A       100%        5
 Lightning Bolt           Conj/Air       0%         1d11      100%        5
 Silence                  Hex/Air        0%         N/A       100%        5
 Conjure Ball Lightning   Conj/Air       0%         3x3d6     100%        6
 Borgnjor's Revivificati  Necr           0%         N/A       100%        8
 Infestation              Necr           0%         N/A       100%        8
 Maxwell's Capacitive Co  Air            0%         ∞         100%        8
 Necromutation            Tmut/Necr      0%         N/A       100%        8
 Death's Door             Necr           0%         N/A       100%        9


Dungeon Overview and Level Annotations

Branches:
Dungeon (10/15)            Temple (1/1) D:6            Lair (0/6) D:10
  Sewer (visited)         Ossuary (visited)
    Orc: D:9-12

Altars:
Ashenzari
Dithmenos
Elyvilon
Fedhas
Gozag
Hepliaklqana
Makhleb
Nemelex Xobeh
Qazlal
Ru
Sif Muna
Trog
Vehumet
Wu Jian
Xom
Yredelemnul
Zin
The Shining One

Shops:
D:7 (


Innate Abilities, Weirdness & Mutations

You have a pair of horns on your head.
You reflexively headbutt those who attack you in melee.


Message History

You can't go up here!
You climb downwards.
The howler monkey barely misses you.
The howler monkey hits you but does no damage.
There is a stone staircase leading up here.
You can't go down here!
The howler monkey barely misses you.
You climb upwards.
There is a stone staircase leading down here.
You slash the two-headed ogre!
The two-headed ogre is moderately wounded.
You slash the howler monkey!
You kill the howler monkey!
Makhleb accepts your kill.
The two-headed ogre hits you with a +0 giant spiked club!
The two-headed ogre hits you with a +0 giant club!!
You hit the two-headed ogre but do no damage.
The two-headed ogre is moderately wounded.
You block the two-headed ogre's attack. The two-headed ogre closely misses you.
The two-headed ogre hits you with a +0 giant spiked club!!
You block the two-headed ogre's attack.
Aiming: Mindburst
Press: ? - help, Shift-Dir - straight line, f - two-headed ogre
Aim: a two-headed ogre, wielding a +0 giant spiked club and a +0 giant club (moderately wounded, chance to affect: 73%)
The two-headed ogre's minds are blasted!!
Aiming: Corrosive Bolt
Press: ? - help, Shift-Dir - straight line, f/p - two-headed ogre
Aim: a two-headed ogre, wielding a +0 giant spiked club and a +0 giant club (heavily wounded, 88% to hit)
The bolt of acid hits the two-headed ogre!
The two-headed ogre is splashed with acid.
The acid corrodes the two-headed ogre!
The two-headed ogre is almost dead.
The two-headed ogre hits you with a +0 giant spiked club!!
* * * LOW HITPOINT WARNING * * *
The two-headed ogre hits you with a +0 giant club!
* * * LOW HITPOINT WARNING * * *
It was a potion of flight.
You feel very buoyant.
You fly up into the air.
The two-headed ogre hits you with a +0 giant spiked club.
You die...

##.....##.....##
##..............##
#................#
#(...............# #
#................#### #
#...................####
#................##.....
#.......O.......÷##....#
##.....@............##.#
##............####.....
####.#.####### #.####
#...# #.# # #.###
######.# ## ###
#...##.###. #...##.....
####...#..###.
#####......#..# #.


You could see a two-headed ogre (corroded).

Vanquished Creatures
  Harold (D:9)
  Pikel (D:6)
  Prince Ribbit (D:9)
  Sigmund (D:2)
  A wyvern (D:9)
  Eustachio (D:6)
  A shadow (D:7)
  Grum (D:9)
  A steam dragon (D:6)
  10 yaks
  Edmund (D:5)
  A water moccasin (D:8)
  An orc warrior (D:9)
  An ice beast (D:7)
  2 sky beasts
  Purgy (Sewer)
  2 black bears
  A necrophage (D:4)
  2 wolves (D:9)
  2 ogres (D:4)
  2 centaurs
  A lemure (D:6)
  2 kobold brigands
  5 bullfrogs
  4 scorpions
  6 killer bees (D:8)
  3 howler monkeys
  3 centaur zombies
  A jelly (D:8)
  A gnoll shaman (D:8)
  7 orc priests
  A bullfrog skeleton (D:6)
  Jessica (D:3)
  A centaur skeleton (D:7)
  4 iguanas
  9 orc wizards
  A hound skeleton (D:4)
  4 mummies (Ossuary)
  Robin (D:2)
  5 gnolls (D:8)
  A howler monkey zombie (D:9)
  10 adders
  2 shadow imps
  An ufetubus (D:5)
  4 worms
  A dart slug (D:1)
  17 orcs
  5 ball pythons
  7 endoplasms
  9 giant cockroaches
  A gnoll zombie (Ossuary)
  9 goblins
  9 hobgoblins
  15 kobolds
  6 quokkas
  7 bats
  3 frilled lizards
  2 hobgoblin zombies (Ossuary)
  2 kobold zombies (Ossuary)
  2 orc zombies (Ossuary)
  2 rats
210 creatures vanquished.

Notes
Turn   | Place    | Note
-------+----------+-------------------------------------------
     0 | D:1      | Metae the Minotaur Fighter began the quest for the Orb.
     0 | D:1      | Reached XP level 1. HP: 19/19 MP: 0/0
   556 | D:1      | Reached XP level 2. HP: 22/27 MP: 1/1
   833 | D:1      | Found a faded altar of an unknown god.
  1064 | D:2      | Reached XP level 3. HP: 31/33 MP: 2/2
  1536 | D:2      | Noticed Sigmund
  1549 | D:2      | Killed Sigmund
  1550 | D:2      | Reached skill level 1 in Evocations
  1550 | D:2      | Reached XP level 4. HP: 18/41 MP: 3/3
  1550 | D:2      | Reached XP level 5. HP: 20/47 MP: 4/4
  1931 | D:2      | Noticed Robin
  1934 | D:2      | Killed Robin
  2184 | D:3      | Noticed Jessica
  2191 | D:3      | Killed Jessica
  2344 | D:3      | Reached XP level 6. HP: 55/55 MP: 5/5
  2447 | D:3      | Reached skill level 5 in Fighting
  2447 | D:3      | Reached skill level 5 in Armour
  2723 | D:3      | You fall into a shaft and drop 1 floor!
  2745 | D:4      | Found a sand-covered staircase.
  2757 | Ossuary  | Entered an ossuary
  2776 | Ossuary  | Reached skill level 5 in Shields
  3345 | D:3      | Found a shadowy altar of Dithmenos.
  3474 | D:4      | Reached XP level 7. HP: 56/61 MP: 6/6
  3532 | D:4      | Reached skill level 5 in Polearms
  4122 | D:5      | Entered Level 5 of the Dungeon
  4303 | D:5      | Found a glowing drain.
  4307 | Sewer    | Entered a sewer
  4415 | Sewer    | Noticed Purgy
  4427 | Sewer    | Killed Purgy
  4866 | D:5      | Reached XP level 8. HP: 65/70 MP: 7/7
  5175 | D:5      | Noticed Edmund
  5237 | D:5      | Killed Edmund
  5501 | D:6      | Noticed Eustachio
  5520 | D:6      | Killed Eustachio
  5564 | D:6      | HP: 3/73 [poisoned by a scorpion]
  5929 | D:6      | Noticed Pikel
  5952 | D:6      | Killed Pikel
  5953 | D:6      | Reached XP level 9. HP: 61/79 MP: 8/8
  6394 | D:6      | Reached skill level 1 in Axes
  6465 | D:6      | Found a staircase to the Ecumenical Temple.
  6499 | Temple   | Entered the Ecumenical Temple
  6866 | Temple   | Became a worshipper of Makhleb the Destroyer
  7097 | D:7      | Found Oviep's Weapon Shoppe.
  7307 | D:7      | Found a shimmering altar of Xom.
  7343 | D:7      | Got the Compendium of Gliding Necromancy
  7377 | D:7      | Reached skill level 5 in Evocations
  7393 | D:7      | Found a sparkling altar of Nemelex Xobeh.
  7394 | D:7      | Found a glowing silver altar of Zin.
  7711 | D:7      | Identified a scroll of acquirement
  7711 | D:7      | Acquired 615 gold pieces
  8196 | D:8      | Reached * piety under Makhleb
  8897 | D:8      | Reached XP level 10. HP: 90/90 MP: 9/9
  9366 | D:9      | Noticed Prince Ribbit
  9428 | D:9      | Killed Prince Ribbit
  9429 | D:9      | Reached skill level 1 in Invocations
  9720 | D:9      | Noticed Harold
  9737 | D:9      | Killed Harold
  9738 | D:9      | Reached skill level 5 in Axes
  9768 | D:9      | Reached ** piety under Makhleb
  9929 | D:9      | Noticed Grum
  9945 | D:9      | Killed Grum
 10378 | D:10     | Entered Level 10 of the Dungeon
 10378 | D:10     | Found a staircase to the Lair.
 10430 | D:10     | Noticed a two-headed ogre
 10476 | D:9      | HP: 1/91 [two-headed ogre (9)]
 10477 | D:9      | Slain by a two-headed ogre

Illustrated notes

Levels and vault maps discovered:
D:1:      sevenhm_arrival_forest_fort_large_4, layout_loops_cross,
          basic_ecumenical_altar, chequers_serial_rivers_room_b
D:2:      layout_basic, minmay_octomino_e4, uniq_sigmund, uniq_robin
D:3:      layout_loops_cross, grunt_dithmenos_smoke_and_mirrors,
          minmay_joined_circles, uniq_jessica
D:4:      layout_loops_ring, nicolae_ossuary_entry_monument
D:5:      layout_loops_ring, gup_sewer_entry_spiral, uniq_edmund
D:6:      layout_gridville, minmay_temple_entry_antechambers, minivault_10,
          uniq_pikel, uniq_eustachio
D:7:      layout_basic, lemuel_crystal_altar, jmf_multi_god_temple,
          serial_shops, shop
D:8:      layout_basic, minmay_strange_pillars
D:9:      layout_rooms, lemuel_another_geyser, uniq_grum, uniq_prince_ribbit1,
          uniq_harold
D:10:     layout_big_octagon, minitemple, ebering_ghost_rock_garden,
          st_stairs_13, nicolae_blasting_shop
Temple:   minmay_temple_curvy_branch

Skill      XL: |  1  2  3  4  5  6  7  8  9 10 |
---------------+-------------------------------+-----
Fighting       | 4 5 6 7 8 9 |  9.6
Polearms       | 3 4 5 6 7 |  7.1
Armour         | 4 5 6 7 8 9 |  9.5
Shields        | 4 5 6 7 8 9 |  9.6
Evocations     | 1 2 3 4 5 6 |  6.4
Axes           | 3 5 |  5.6
Invocations    | 3 |  3.4

Action                   |  1- 3 |  4- 6 |  7- 9 | 10-12 || total
-------------------------+-------+-------+-------+-------++-------
Melee: Trident           |    92 |   137 |   270 |       ||   499
       Headbutt          |     8 |    31 |    57 |    18 ||   114
       Broad axe         |       |       |   129 |    93 ||   222
Evoke: Wand              |       |     2 |     2 |     3 ||     7
  Use: Potion            |     1 |       |       |     1 ||     2
       Scroll            |       |       |    11 |     1 ||    12
Armor: Scale mail        |    17 |       |       |       ||    17
       Chain mail        |    12 |    61 |   250 |    57 ||   380
Dodge: Dodged            |    15 |    29 |   103 |    25 ||   172
Block: Kite shield       |    41 |    62 |   220 |    72 ||   395
